 Dungeon Crawl Stone Soup version 0.27.0-65-ge2af304b15 (webtiles) character file.

Game seed: 15496624772582392704

385 robertstho the Sneak (level 6, -3/44 HPs)
             Began as an Octopode Berserker on Aug 18, 2021.
             Was a Believer of Trog.
             Slain by a gnoll sergeant (6 damage)
             ... on level 4 of the Dungeon.
             The game lasted 00:03:14 (3034 turns).

robertstho the Sneak (Octopode Berserker)           Turns: 3034, Time: 00:03:14

Health: -3/44      AC:  1    Str: 18    XL:     6   Next: 77%
Magic:  6/6        EV: 15    Int: 10    God:    Trog [**....]
Gold:   108        SH:  0    Dex: 17    Spells: 5/5 levels left

rFire    + . .     SeeInvis .   a - +0 short sword
rCold    x . .     Faith    .   (no shield)
rNeg     . . .     Spirit   .   (helmet restricted)
rPois    .         Reflect  .   (no amulet)
rElec    .         Harm     .   n - +6 ring of dexterity
rCorr    .         Rampage  .   r - ring of fire
Will     .....                  (no ring)
Stlth    ++++......             (no ring)
HPRegen  0.14/turn              (no ring)
MPRegen  0.10/turn              (no ring)
                                (no ring)
                                (no ring)

@: lethally poisoned (-3 -> -14)
A: almost no armour, amphibious, 8 rings, camouflage 1, gelatinous body 1,
(nimble swimmer 1), tentacles
a: Renounce Religion, Berserk, Trog's Hand


You were on level 4 of the Dungeon.
You worshipped Trog.
Trog was pleased with you.
You visited 1 branch of the dungeon, and saw 4 of its levels.

You collected 108 gold pieces.

Inventory:

Hand Weapons
 a - a +0 short sword (weapon)
 p - a +2 hand axe of flaming
Jewellery
 n - a +6 ring of dexterity (left tentacle)
 r - a ring of fire (right tentacle)
Scrolls
 c - a scroll of amnesia {unknown}
 g - 2 scrolls of identify {unknown}
 h - a scroll of holy word {unknown}
 j - a scroll of noise {unknown}
 l - a scroll of immolation {unknown}
 m - 2 scrolls of teleportation {unknown}
 q - a scroll of torment {unknown}
Potions
 b - a potion of magic {unknown}
 d - a potion of might {unknown}
 e - 3 potions of curing {unknown}
 f - 3 potions of resistance {unknown}
 i - 3 potions of haste {unknown}
 k - a potion of degeneration {unknown}
 o - 2 potions of invisibility {unknown}


   Skills:
 * Level 4.3 Fighting
 + Level 4.4 Short Blades
 * Level 4.4 Dodging
 * Level 4.7 Stealth


You had 5 spell levels left.
You didn't know any spells.
Your spell library was empty.

Dungeon Overview and Level Annotations

Branches:
Dungeon (4/15)
 Temple: D:4-7

Altars:
Makhleb


Innate Abilities, Weirdness & Mutations

You cannot wear most types of armour.
You are amphibious.
You can wear up to eight rings at the same time.
Your skin changes colour to match your surroundings (Stealth+).
Your rubbery body absorbs attacks. (AC +1, EV +1)
((You are camouflaged near water. (Stealth+)))
You have tentacles for arms and can constrict up to eight enemies at once.


Message History

The gnoll is heavily wounded.
You constrict the gnoll. The gnoll closely misses you.
You hit the gnoll.
The gnoll is almost dead.
You constrict the gnoll, but do no damage.
The gnoll barely misses you. The gnoll hits you with a +0 flail!
You hit the gnoll but do no damage.
The gnoll is almost dead.
You constrict the gnoll.
You kill the gnoll!
Trog accepts your kill. The gnoll misses you. The gnoll barely misses you.
You barely miss the worm. You grab the worm. You constrict the worm.
The gnoll barely misses you. The gnoll closely misses you.
You barely miss the worm. You squeeze the worm!
The worm is severely wounded.
You constrict the worm. You hit the worm.
You kill the worm!
Trog accepts your kill. The gnoll barely misses you.
The gnoll completely misses you. The gnoll barely misses you.
The gnoll hits you from afar with a +2 spear of venom.
The gnoll sergeant hits you with a +2 spear of freezing.
The gnoll sergeant freezes you. The gnoll closely misses you.
You hit the gnoll sergeant but do no damage.
Your grab misses the gnoll sergeant. Your squeeze misses the gnoll sergeant.
The gnoll barely misses you. x2; The gnoll sergeant barely misses you.
You hit the gnoll sergeant. Your grab misses the gnoll sergeant.
You squeeze the gnoll sergeant.
The gnoll sergeant is moderately wounded.
The gnoll barely misses you. The gnoll misses you.
The gnoll hits you from afar with a +2 spear of venom.
You are poisoned.
Unknown command.
You feel very sick.
The gnoll sergeant hits you from afar with a +2 spear of freezing!
* * * LOW HITPOINT WARNING * * *
The gnoll sergeant freezes you.
You die...

## .... # .# ... . .#
#.. .# )# # #.. #.# .##
#.#..## ...# .. ..## .
...g.##...# ##.# #..##
##. ###ggg...###...
##..## #..
#.....##....... ##..#
#.# #...$@......#
##.###.# #...........#
#..##.####?...#.#.###
##..#.#....###....#
##.#.#.#####.....##
#####.††.#.#......##..#
..).†..###.#.#...####.#
....)#..##....().....(##
....###.....#..........#


You could see a gnoll sergeant and 3 gnolls.

Vanquished Creatures
  The ghost of tovald2 the Slasher, an amateur DsGl of Yredelemnul (D:3)
  An ogre (D:3)
  A hound (D:4)
  Natasha (thrice) (D:2)
  A scorpion simulacrum (D:3)
  A gnoll (D:4)
  2 adders
  3 worms
  A dart slug (D:1)
  2 adder simulacra (D:3)
  3 orcs
  5 ball pythons
  4 endoplasms
  A giant cockroach (D:3)
  5 goblins
  5 hobgoblins
  9 jackals
  4 kobolds (D:1)
  3 quokkas
  2 ball python simulacra (D:3)
  3 bats
  2 frilled lizards (D:3)
  A jackal simulacrum (D:3)
  2 rats (D:3)
65 creatures vanquished.

Notes
Turn   | Place    | Note
-------+----------+-------------------------------------------
     0 | D:1      | robertstho the Octopode Berserker began the quest for the
                  | Orb.
     0 | D:1      | Reached XP level 1. HP: 16/16 MP: 1/1
   135 | D:1      | Reached XP level 2. HP: 12/21 MP: 2/2
   942 | D:1      | Reached skill level 1 in Stealth
   942 | D:1      | Reached XP level 3. HP: 22/26 MP: 3/3
  1202 | D:2      | Noticed Natasha
  1204 | D:2      | Killed Natasha
  1217 | D:2      | Noticed Natasha
  1222 | D:2      | Killed Natasha
  1223 | D:2      | Reached XP level 4. HP: 23/33 MP: 4/4
  1238 | D:2      | Noticed Natasha
  1248 | D:2      | Killed Natasha
  1409 | D:2      | Found a burning altar of Makhleb.
  1573 | D:2      | Found a faded altar of an unknown god.
  1851 | D:3      | Reached XP level 5. HP: 37/37 MP: 5/5
  1911 | D:3      | Reached ** piety under Trog
  2008 | D:3      | Noticed an ogre
  2014 | D:3      | Killed an ogre
  2178 | D:3      | Noticed tovald2's ghost (amateur DsGl)
  2233 | D:3      | Found a runed translucent gate.
  2233 | D:3      | Found a runed translucent gate.
  2233 | D:3      | Found a runed translucent gate.
  2510 | D:3      | Reached XP level 6. HP: 43/43 MP: 6/6
  2680 | D:3      | Killed tovald2's ghost
  3034 | D:4      | Slain by a gnoll sergeant

Illustrated notes

Levels and vault maps discovered:
D:1:      saegor_arrival_simple_e, layout_loops_cross, minmay_misc_feat_columns
D:2:      wander_river, layout_rooms, ebering_ecumenical_altar_abandoned,
          basic_altar, uniq_natasha
D:3:      layout_loops_ring, gammafunk_ghost_icy, minmay_misc_feat_square,
          minmay_puff
D:4:      layout_rooms, minmay_temple_entry_hall, uniq_ijyb

Skill      XL: |  1  2  3  4  5  6 |
---------------+-------------------+-----
Stealth        | 1 2 3 4 |  4.7
Fighting       | 4 |  4.3
Short Blades   | 4 |  4.4
Dodging        | 4 |  4.4

Action                   |  1- 3 |  4- 6 || total
-------------------------+-------+-------++-------
Melee: Short sword       |    45 |   101 ||   146
       Constrict         |    13 |    22 ||    35
       Tentacles         |     9 |    19 ||    28
Invok: Berserk           |     2 |     1 ||     3
 Stab: Sleeping          |     2 |     8 ||    10
       Distracted        |       |     1 ||     1
Armor: Skin              |     1 |     4 ||     5
Dodge: Dodged            |    19 |    72 ||    91
